 Dungeon Crawl Stone Soup version 0.25.1-2-g60ff931df9 (webtiles) character file.

Game seed: 6180661149781634028

102 xzight the Ruffian (level 4, -2/45 HPs)
             Began as a Troll Fighter on Oct 10, 2020.
             Killed by nerve-wracking pain
             ... invoked by Grinder
              (13 damage)
             ... on level 3 of the Dungeon.
             The game lasted 00:05:49 (2042 turns).

xzight the Ruffian (Troll Fighter)                  Turns: 2042, Time: 00:05:49

Health: -2/45      AC:  6    Str: 25    XL:     4   Next: 49%
Magic:  3/3        EV:  8    Int:  4    God:
Gold:   171        SH:  9    Dex:  9    Spells: 3/3 levels left

rFire    . . .     SeeInvis .     - Unarmed
rCold    . . .     Gourm    +   b - +0 kite shield
rNeg     . . .     Faith    .   a - +0 robe
rPois    .         Spirit   .   (helmet restricted)
rElec    .         Reflect  .   (no cloak)
rCorr    .         Harm     .   (gloves unavailable)
MR       .....                  (boots unavailable)
Stlth    +.........             (no amulet)
HPRegen  0.55/turn              (no ring)
MPRegen  0.08/turn              (no ring)

@: no status effects
A: large, unfitting armour, claws 3, fast metabolism 3, gourmand, regeneration
1, shaggy fur 1, tough skin 3
a: no special abilities


You were on level 3 of the Dungeon.
You were full.

You visited 1 branch of the dungeon, and saw 3 of its levels.

You collected 171 gold pieces.


Innate Abilities, Weirdness & Mutations

You are too large for most types of armour.
You have claws for hands.
Your metabolism is lightning-fast.
You like to eat raw meat.
Your natural rate of healing is unusually fast.
You are covered in fur. (AC +1)
You have extremely tough skin. (AC +3)


   Skills:
 + Level 3.0 Fighting
 - Level 2.4 Dodging
 + Level 3.0 Shields
 * Level 3.6 Unarmed Combat


You had 3 spell levels left.
You didn't know any spells.
Your spell library was empty.

Inventory:

Armour
 a - a +0 robe (worn)
 b - a +0 kite shield (worn)
Jewellery
 l - an uncursed ring of protection from fire {unknown}
 n - a +4 ring of evasion {unknown}
Scrolls
 f - a scroll of teleportation {@r4}
 h - a scroll of random uselessness {unknown}
 j - a scroll of fear {unknown}
 m - a scroll of identify {@r1}
 o - a scroll of noise {unknown}
 p - a scroll of fog {unknown}
Potions
 c - a potion of might
 e - 3 potions of curing {unknown}
 g - a potion of degeneration {unknown}
 i - a potion of lignification {!q}
 k - a potion of brilliance
Comestibles
 d - 7 rations {@e1}

Dungeon Overview and Level Annotations

Branches:
Dungeon (3/15)

Altars:

Annotations:
D:3 Grinder

#########
#################.......#
................@....>..#
..###############†......##
#.###......# #..5.....#
#..##......# #........#
##.##......# #.........
#..#......### #.#.......
##.#........# #.#.......
#...)......# #.#......#
####.......# #.########


You could see Grinder.


Message History

You scratch Grinder but do no damage.
Grinder is moderately wounded.
You block Grinder's attack.
You barely miss Grinder.
Grinder is moderately wounded.
You block Grinder's attack.
You scratch Grinder.
Grinder is moderately wounded.
Grinder gestures at you. Pain shoots through your body!
* * * LOW HITPOINT WARNING * * *
You barely miss Grinder.
Grinder is moderately wounded.
Grinder closely misses you.
You scratch Grinder but do no damage.
Grinder is moderately wounded.
Grinder gestures at you. You resist with significant effort.
You barely miss Grinder.
Grinder is moderately wounded.
Grinder hits you.
* * * LOW HITPOINT WARNING * * *
You writhe in agony.
* * * LOW HITPOINT WARNING * * *
Grinder gestures at you. You resist with significant effort.
You see here a frilled lizard corpse.
Grinder gestures at you. Pain shoots through your body!
You die...

Skill      XL: |  1  2  3 |
---------------+----------+-----
Unarmed Combat | 3 |  3.6
Fighting       | 3 |  3.0
Shields        | 3 |  3.0
Dodging        | |  2.4

Action                   |  1- 3 |  4- 6 || total
-------------------------+-------+-------++-------
Melee: Unarmed           |   112 |    27 ||   139
  Use: Scroll            |     3 |       ||     3
 Stab: Sleeping          |     1 |       ||     1
  Eat: Chunk             |    20 |     1 ||    21
Armor: Robe              |    35 |     6 ||    41
Dodge: Dodged            |    43 |     5 ||    48
Block: Kite shield       |    50 |     8 ||    58

Levels and vault maps discovered:
D:1:      evilmike_arrival_rings, layout_loops_ring, hex_large, minivault_27
D:2:      layout_basic
D:3:      layout_basic, minmay_ogre_servants, uniq_grinder

Notes
Turn   | Place    | Note
-------+----------+-------------------------------------------
     0 | D:1      | xzight the Troll Fighter began the quest for the Orb.
     0 | D:1      | Reached XP level 1. HP: 22/22 MP: 0/0
   374 | D:1      | Reached XP level 2. HP: 29/29 MP: 1/1
   868 | D:1      | Reached XP level 3. HP: 36/36 MP: 2/2
  1051 | D:2      | Reached skill level 3 in Unarmed Combat
  1663 | D:2      | Reached skill level 3 in Fighting
  1663 | D:2      | Reached skill level 3 in Shields
  1663 | D:2      | Reached XP level 4. HP: 26/45 MP: 3/3
  2005 | D:3      | Noticed Grinder
  2024 | D:3      | Paralysed by Grinder for 7 turns
  2042 | D:3      | Killed from afar by Grinder

Vanquished Creatures
  A jelly (D:2)
  An adder (D:2)
  An ooze (D:1)
  A worm (D:2)
  A dart slug (D:1)
  2 leopard geckos
  An orc (D:3)
  7 bats
  3 giant cockroaches
  7 goblins
  7 hobgoblins
  5 frilled lizards
  9 kobolds
  5 rats
51 creatures vanquished.

Table legend:
 A = Turns spent in this place as a percentage of turns spent in the entire game.
 B = Non-inter-level travel turns spent in this place as a percentage of non-inter-level travel turns spent in the entire game.
 C = Inter-level travel turns spent in this place as a percentage of turns spent in this place.
 D = Turns resting spent in this place as a percentage of non-inter-level travel turns spent in this place.
 E = Turns spent auto-exploring this place as a percentage of non-inter-level travel turns spent in this place.
 F = Non-inter-level travel turns spent in this place divided by the number of levels of this place that you've seen.
                   A       B       C       D       E      F
               +-------+-------+-------+-------+-------+----------------------
         Total | 100.0 | 100.0 |   4.0 |   9.2 |  69.9 | 653.7
       Dungeon | 100.0 | 100.0 |   4.0 |   9.2 |  69.9 | 653.7
               +-------+-------+-------+-------+-------+----------------------

Table legend:
 A = Non-vault XP
 B = Vault XP
 C = Vault XP percentage of total XP
 D = Non-vault monster count
 E = Vault monster count
 F = Vault count percentage of total count
                 A         B        C        D         E       F
            +---------+---------+-------+---------+---------+-------
      Total |     146 |       0 |   0.0 |      51 |       0 |   0.0
            +---------+---------+-------+---------+---------+-------
        D:1 |      48 |       0 |   0.0 |      25 |       0 |   0.0
        D:2 |      84 |       0 |   0.0 |      18 |       0 |   0.0
        D:3 |      14 |       0 |   0.0 |       8 |       0 |   0.0
            +---------+---------+-------+---------+---------+-------
